 Dungeon Crawl Stone Soup version 0.28-a0-239-g68911e0c57 (webtiles) character file.

Game seed: 2960260832589994101

186 djehuti the Covered (level 5, -2/49 HPs)
             Began as a Deep Dwarf Fighter on Aug 23, 2021.
             Slain by an ogre (5 damage)
             ... on level 3 of the Dungeon.
             The game lasted 00:10:06 (2728 turns).

djehuti the Covered (Deep Dwarf Fighter)            Turns: 2728, Time: 00:10:07

Health: -2/49      AC:  9    Str: 21    XL:     5   Next: 38%
Magic:  4/4        EV:  8    Int:  8    God:
Gold:   141        SH: 10    Dex: 12    Spells: 4/4 levels left

rFire   . . .      SeeInvis .   a - +1 war axe
rCold   . . .      Faith    .   c - +1 kite shield
rNeg    . . .      Spirit   .   o - +2 ring mail {rPois}
rPois   +          Reflect  .   j - +0 helmet
rElec   .          Harm     .   (no cloak)
rCorr   .          Rampage  .   (no gloves)
Will    .....                   (no boots)
Stlth   +.........              (no amulet)
HPRegen 0.00/turn               (no ring)
MPRegen 0.09/turn               (no ring)

@: no status effects
A: damage resistance, heal wounds, sense surroundings 1, no regeneration
a: Heal Wounds


You were on level 3 of the Dungeon.
You visited 1 branch of the dungeon, and saw 4 of its levels.

You collected 141 gold pieces.

Inventory:

Hand Weapons
 a - a +1 war axe (weapon)
 b - a +0 hunting sling
Missiles
 i - 80 stones
Armour
 c - a +1 kite shield (worn)
 j - a +0 helmet (worn)
 o - a +2 ring mail of poison resistance (worn)
Scrolls
 e - a scroll of teleportation
Potions
 d - a potion of might
 f - 3 potions of flight
 g - a potion of cancellation {unknown}
 h - a potion of mutation {unknown}
 k - a potion of brilliance {unknown}
Miscellaneous
 n - a piece from Xom's chessboard (15/15)


   Skills:
 + Level 3.6 Fighting
 + Level 3.6 Axes
 + Level 4.4 Armour
 + Level 4.3 Shields


You had 4 spell levels left.
You didn't know any spells.
Your spell library contained the following spells:

 Spells                   Type           Power      Damage    Failure   Level
 Static Discharge         Conj/Air       0%         N/A       99%         2
 Call Canine Familiar     Summ           0%         N/A       100%        3
 Portal Projectile        Hex/Tloc       0%         N/A       100%        3
 Leda's Liquefaction      Hex/Erth       0%         N/A       100%        4
 Lightning Bolt           Conj/Air       0%         1d11      100%        5
 Maxwell's Capacitive Co  Air            0%         ∞         100%        8


Dungeon Overview and Level Annotations

Branches:
Dungeon (4/15)
 Temple: D:4-7

Altars:
Ashenzari
Hepliaklqana
Qazlal
Xom


Innate Abilities, Weirdness & Mutations

You are resistant to damage.
You can heal yourself by infusing magical energy.
You passively map a small area around you.
You do not regenerate.


Message History

b - a +0 hunting sling (weapon)
Fire: 82 stones
Press: ? - help, Q - select action, (/) - cycle Shift-Dir - straight line, f - hound
Aim: a hound (43% to hit)
You shoot a stone. The stone barely misses the hound.
Fire: 81 stones
Press: ? - help, Q - select action, (/) - cycle Shift-Dir - straight line, f/p - hound
Aim: a hound (46% to hit)
You shoot a stone. The stone closely misses the hound.
Fire: 80 stones
Press: ? - help, Q - select action, (/) - cycle Shift-Dir - straight line, f/p - hound
Aim: a hound (43% to hit)
You shoot a stone. The stone misses the hound.
a - a +1 war axe (weapon)
The hound closely misses you.
You slash the hound!
The hound is almost dead.
The hound bites you. The hound barely misses you.
You closely miss the hound.
The hound is almost dead.
You block the hound's attack. The hound barely misses you.
You slash the hound!
You kill the hound!
You have reached level 5!
i - 80 stones (gained 1)
i - 81 stones (gained 1)
i - 82 stones (gained 1)
There is a shimmering altar of Xom here.
You now have 141 gold pieces (gained 15).
You closely miss the butterfly. You miss the butterfly. You miss the butterfly.
A hound comes into view.
The hound barks!
Unknown command.
b - a +0 hunting sling (weapon)
Fire: 82 stones
Press: ? - help, Q - select action, (/) - cycle Shift-Dir - straight line, f - hound
Aim: a hound (46% to hit)
You shoot a stone.
The stone hits the hound but does no damage.
a - a +1 war axe (weapon)
You block the hound's attack.
You hit the hound.
The hound is lightly wounded.
The hound bites you.
The hound bites you but does no damage. x2
You barely miss the hound.
The hound is lightly wounded.
You block the hound's attack. The hound bites you.
You slash the hound!
The hound is heavily wounded.
The hound bites you but does no damage. You block the hound's attack.
You slash the hound!
You kill the hound!
No target in view!
No target in view!
You see here a hound corpse.
i - 82 stones (gained 1)
A lemure comes into view.
The lemure shouts!
g - a glowing orange potion
There is an open door here.
You close the door.
Something unseen opens the door.
There is an open door here.
A lemure is nearby!
There is a stone staircase leading up here.
You climb upwards.
There is a stone staircase leading down here.
The ogre shouts!
There is a broken altar of Ashenzari here.
You kneel at the altar of Ashenzari.
b - a +0 hunting sling (weapon)
Fire: 82 stones
Press: ? - help, Q - select action, (/) - cycle Shift-Dir - straight line, f - ogre
Aim: an ogre, wielding a +0 giant club (73% to hit)
You shoot a stone. The stone hits the ogre.
The ogre is moderately wounded.
Fire: 81 stones
Press: ? - help, Q - select action, (/) - cycle Shift-Dir - straight line, f/p - ogre
Aim: an ogre, wielding a +0 giant club (moderately wounded, 73% to hit)
You shoot a stone. The stone closely misses the ogre.
You block the ogre's attack.
a - a +1 war axe (weapon)
You slash the ogre!
The ogre is severely wounded.
The ogre closely misses you.
You barely miss the ogre.
The ogre is severely wounded.
The ogre closely misses you.
You barely miss the ogre.
The ogre is severely wounded.
The ogre hits you but does no damage.
You hit the ogre.
The ogre is severely wounded.
The ogre hits you with a +0 giant club!!
Ouch! That really hurt!
* * * LOW HITPOINT WARNING * * *
The ogre hits you with a +0 giant club.
You die...

...... #.......#.#####........>#.
...... #######.#.....#.....#.....
.........#####.#.....#.....#.....
.........##..........#.....#.....
.........##..............#.......
.##* #...##.#.#####.#..#.###.....
.#####...#..#.......#.##.##......
.....#...#..#.#...#.#....##......
#....#...#..#.#.@.#.#....##......
#>..........#.#..O#.#...###......
#....#####..#.....(.#.#.....#####
#...........#.#####(#....#### #
....#...##...............# #
#...#...##.........#.....# #
#...#...##.####...##.....########
#...#.#....# #...##.....##......
#..........# #...#####'###......


You could see an ogre.

Vanquished Creatures
  2 hounds (D:4)
  A hound skeleton (D:4)
  2 adders
  2 worms (D:2)
  3 dart slugs
  2 ball pythons
  6 endoplasms
  7 giant cockroaches
  9 goblins
  10 hobgoblins
  8 jackals
  3 quokkas
  5 bats
  4 frilled lizards (D:1)
  9 kobolds
  6 rats
79 creatures vanquished.

Notes
Turn   | Place    | Note
-------+----------+-------------------------------------------
     0 | D:1      | djehuti the Deep Dwarf Fighter began the quest for the Orb.
     0 | D:1      | Reached XP level 1. HP: 20/20 MP: 1/1
    62 | D:1      | Reached XP level 2. HP: 25/27 MP: 2/2
    81 | D:1      | Found a faded altar of an unknown god.
   479 | D:1      | Reached XP level 3. HP: 23/34 MP: 3/3
  1398 | D:2      | Reached XP level 4. HP: 11/42 MP: 4/4
  1491 | D:3      | Noticed an ogre
  1599 | D:3      | Found a broken altar of Ashenzari.
  1904 | D:3      | Found a stormy altar of Qazlal.
  2102 | D:4      | Found a hazy altar of Hepliaklqana.
  2198 | D:4      | Noticed a lemure
  2204 | D:4      | Found a shimmering altar of Xom.
  2484 | D:4      | Reached XP level 5. HP: 34/49 MP: 4/4
  2609 | D:4      | Noticed a lemure
  2728 | D:3      | Slain by an ogre

Illustrated notes

Levels and vault maps discovered:
D:1:      dpeg_arrival_round_b, layout_loops_ring,
          ebering_ecumenical_altar_webs, minmay_pentomino_w2
D:2:      layout_loops_ring
D:3:      layout_basic, mainiacjoe_overflow_cross_hatched,
          nicolae_qazlal_eye_of_the_storm
D:4:      layout_basic, mainiacjoe_overflow_catwalk, xom_butterflies,
          minmay_temple_entry_proselytizer, uniq_pikel, uniq_crazy_yiuf_cottage

Skill      XL: |  1  2  3  4 |
---------------+-------------+-----
Fighting       | 3 |  3.6
Axes           | 3 |  3.6
Armour         | 4 |  4.4
Shields        | 4 |  4.3

Action                   |  1- 3 |  4- 6 || total
-------------------------+-------+-------++-------
Melee: War axe           |   138 |    97 ||   235
 Fire: Hunting sling     |    10 |     9 ||    19
 Abil: Heal Wounds       |       |     2 ||     2
  Use: Scroll            |     3 |     3 ||     6
Armor: Scale mail        |    77 |    28 ||   105
       Ring mail         |       |    18 ||    18
Dodge: Dodged            |    45 |    21 ||    66
Block: Kite shield       |    62 |    58 ||   120

Table legend: (Time is in decaauts)
 A = Elapsed time spent in this place.
 B = Non-inter-level travel time spent in this place.
 C = Inter-level travel time spent in this place.
 D = Time resting spent in this place.
 E = Time spent auto-exploring this place.
 F = Levels seen in this place.
 G = Mean time per level.
                   A        B        C        D        E       F      G
               +--------+--------+--------+--------+--------+-----+--------+
         Total |   2867 |   2663 |    204 |      0 |   1473 |   4 |  716.8 |
       Dungeon |   2867 |   2663 |    204 |      0 |   1473 |   4 |  716.8 |
               +--------+--------+--------+--------+--------+-----+--------+

Top non-repeatable levels by time:
     D:2: 864 daAuts
     D:1: 767 daAuts
     D:3: 649 daAuts
     D:4: 586 daAuts
